 Dungeon Crawl Stone Soup version 0.29-a0-723-gce39da1 (webtiles) character file.

Game seed: 13084161892793426390

1861 PurpleRed the Thaumaturge (level 8, 0/45 HPs)
             Began as a Deep Elf Brigand on June 28, 2022.
             Was an Initiate of Vehumet.
             Slain by a yak (11 damage)
             ... on level 7 of the Dungeon.
             The game lasted 00:26:34 (2571 turns).

PurpleRed the Thaumaturge (Deep Elf Brigand)        Turns: 2571, Time: 00:26:34

Health: 0/45       AC:  3    Str: 15    XL:     8   Next: 89%
Magic:  11/24      EV: 12    Int: 25    God:    Vehumet [......]
Gold:   284        SH:  0    Dex: 16    Spells: 21/27 levels left

rFire   . . .      SeeInvis .   l - +0 dagger (venom)
rCold   . . .      Faith    .   (no shield)
rNeg    . . .      Spirit   .   b - +0 robe
rPois   .          Reflect  .   (no helmet)
rElec   .          Harm     .   c - +0 cloak
rCorr   .          Rampage  .   (no gloves)
Will    +....                   (no boots)
Stlth   +++.......              p - amulet of regeneration
HPRegen 0.95/turn               m - ring "Xeshang" {Will+ Str+7 Int+6}
MPRegen 0.19/turn               (no ring)

@: lethally poisoned (0 -> -1)
A: no striking features
a: Renounce Religion


You were on level 7 of the Dungeon.
You worshipped Vehumet.
Vehumet was noncommittal.
You visited 2 branches of the dungeon, and saw 8 of its levels.

You collected 284 gold pieces.

Inventory:

Hand Weapons
 a - a +2 dagger of protection
 g - a +4 mace
 l - a +0 dagger of venom (weapon)
 r - a +1 whip of flaming
 t - a +0 dagger of electrocution
 w - a +3 rapier of draining
 A - a +3 short sword of freezing
Missiles
 d - 12 poisoned darts (quivered)
 e - a curare-tipped dart
 k - 6 boomerangs
 y - 5 javelins
Armour
 b - a +0 robe (worn)
 c - a +0 cloak (worn)
 h - a +2 leather armour of cold resistance
Magical Staves
 x - a staff of poison
Jewellery
 m - a ring "Xeshang" (left hand) {Will+ Str+7 Int+6}
   (You found it on level 5 of the Dungeon)

   [ring of intelligence]

   Str:       It affects your strength (+7).
   Int:       It affects your intelligence (+6).
   Will:      It increases your willpower.
 p - an amulet of regeneration (around neck)
Wands
 f - a wand of iceblast (12)
 n - a wand of polymorph (11)
 s - a wand of charming (5)
 u - a wand of quicksilver (13)
Scrolls
 o - a scroll of amnesia
 z - 4 scrolls of teleportation
Potions
 i - 2 potions of resistance
 j - 2 potions of curing
 q - a potion of mutation
 v - 2 potions of ambrosia
 B - a potion of attraction {unknown}


   Skills:
 - Level 2.3 Fighting
 - Level 2.0 Short Blades
 - Level 2.0 Throwing
 - Level 1.2 Dodging
 - Level 4.8 Stealth
 + Level 10.2 Spellcasting
 - Level 6.1 Conjurations
 - Level 6.1 Earth Magic


You had 21 spell levels left.
You knew the following spells:

 Your Spells              Type           Power      Damage    Failure   Level
a - Sandblast             Erth           86%        2d18      1%          1
b - Passwall              Tmut/Erth      23%        N/A       1%          2
c - Stone Arrow           Conj/Erth      86%        3d12      1%          3

Your spell library contained the following spells:

 Spells                   Type           Power      Damage    Failure   Level


Dungeon Overview and Level Annotations

Branches:
Dungeon (7/15)             Temple (1/1) D:5

Altars:
Ashenzari
Cheibriados
Dithmenos
Elyvilon
Fedhas
Gozag
Hepliaklqana
Kikubaaqudgha
Makhleb
Nemelex Xobeh
Okawaru
Qazlal
Sif Muna
Trog
Uskayaw
Vehumet
Wu Jian
Xom
Yredelemnul
Zin
The Shining One

Annotations:
D:4 2 transporters, Pikel
D:5 porkupine's ghost, novice NaEn


Message History

The killer bee stings you. x2
Casting: Stone Arrow (safe; 1% risk of failure)
Confirm with . or Enter, or press ? or * to list all spells.
Aiming: Sandblast (safe; 1% risk of failure)
Press: ? - help, Shift-Dir - straight line, f/p - killer bee
Aim: a killer bee (65% to hit)
The blast of sand hits the killer bee!
The killer bee is heavily wounded.
You feel sick.
You are no longer poisoned.
The killer bee stings you. x2
You are poisoned.
The killer bee poisons you! The killer bee barely misses you.
The killer bee misses you.
Casting: Sandblast (safe; 1% risk of failure)
Confirm with . or Enter, or press ? or * to list all spells.
Aiming: Sandblast (safe; 1% risk of failure)
Press: ? - help, Shift-Dir - straight line, f/p - killer bee
Aim: a killer bee (heavily wounded, 65% to hit)
The blast of sand hits the killer bee!
You kill the killer bee!
Vehumet accepts your kill.
You feel very sick. The yak barely misses you.
Okay, then.
Aiming: Charm
Press: ? - help, Shift-Dir - straight line, f - yak
Aim: a yak (chance to affect: 49%)
The yak resists with some effort.
You feel sick. The yak gores you but does no damage.
Aiming: Charm
Press: ? - help, Shift-Dir - straight line, f/p - yak
Aim: a yak (chance to affect: 49%)
The yak resists with some effort.
You feel sick. The yak gores you!
* * * LOW HITPOINT WARNING * * *
Aiming: Charm
Press: ? - help, Shift-Dir - straight line, f/p - yak
Aim: a yak (chance to affect: 49%)
The yak resists with some effort.
You feel sick. The yak gores you!
You die...

....#§§§≈.#. .......#
....#§....## #.....#
....###########.....#
..........'..'......
..........####.....P
..##....#####......
+.............._
#####..........##...
#..@#..........##..P
#.#Y#...y########...
+..y†...........'...
#.########Y...###...
#. #....# #... #
y..y...# #...
.....### #### ...y.#
....Y#


You could see a yak and a killer bee.

Vanquished Creatures
  Prince Ribbit (D:6)
  Eustachio (D:4)
  An ice beast (D:5)
  A lemure (D:3)
  A phantom (D:5)
  Blork the orc (D:6)
  2 necrophages
  3 scorpions
  3 wights (D:7)
  4 killer bees (D:7)
  3 jellies
  An orc priest (D:3)
  2 hounds
  An iguana (D:4)
  Ijyb (D:4)
  Natasha (D:2)
  2 orc wizards
  9 gnolls
  11 adders
  3 shadow imps
  An ufetubus (D:4)
  3 dart slugs
  10 orcs
  6 endoplasms
  2 giant cockroaches
  8 goblins
  6 hobgoblins
  9 quokkas
  5 ball pythons
  4 bats
  3 frilled lizards
  8 kobolds
  3 rats
120 creatures vanquished.

Vanquished Creatures (collateral kills)
  2 gnolls (D:7)
2 creatures vanquished.

Vanquished Creatures (others)
  A gnoll shaman (D:7)
1 creature vanquished.

Grand Total: 123 creatures vanquished

Notes
Turn   | Place    | Note
-------+----------+-------------------------------------------
     0 | D:1      | PurpleRed the Deep Elf Brigand began the quest for the Orb.
     0 | D:1      | Reached XP level 1. HP: 12/12 MP: 3/3
    53 | D:1      | Reached skill level 1 in Spellcasting
    89 | D:1      | Reached XP level 2. HP: 11/17 MP: 4/6
   171 | D:2      | Noticed Natasha
   176 | D:2      | Killed Natasha
   177 | D:2      | Reached skill level 2 in Spellcasting
   177 | D:2      | Reached XP level 3. HP: 21/22 MP: 6/8
   273 | D:2      | Learned a level 1 spell: Sandblast
   381 | D:2      | Learned a level 2 spell: Passwall
   531 | D:1      | Reached skill level 3 in Spellcasting
   622 | D:2      | Reached skill level 1 in Earth Magic
   705 | D:3      | Learned a level 3 spell: Stone Arrow
   755 | D:3      | Reached XP level 4. HP: 22/27 MP: 9/11
   758 | D:3      | Found a faded altar of an unknown god.
   761 | D:3      | Found a shadowy altar of Dithmenos.
   880 | D:4      | Found a transporter.
   882 | D:4      | Found a transporter.
   889 | D:4      | Noticed a bullfrog
   901 | D:4      | Found a white marble altar of Elyvilon.
   901 | D:4      | Found a basalt altar of Yredelemnul.
   901 | D:4      | Found a blossoming altar of Fedhas.
   919 | D:4      | Noticed a scorpion
   921 | D:4      | Noticed Ijyb
   923 | D:4      | Killed a scorpion
   924 | D:4      | Reached skill level 4 in Spellcasting
   943 | D:4      | Killed Ijyb
   944 | D:4      | Reached XP level 5. HP: 31/31 MP: 9/13
   982 | D:5      | Entered Level 5 of the Dungeon
   995 | D:4      | Noticed Pikel
   995 | D:4      | Noticed a lemure
   995 | D:4      | Noticed a lemure
   997 | D:4      | Noticed a lemure
   998 | D:4      | Noticed a lemure
  1046 | D:3      | Killed a lemure
  1113 | D:3      | Reached skill level 5 in Spellcasting
  1204 | D:3      | Reached XP level 6. HP: 36/36 MP: 5/16
  1395 | D:4      | Noticed Eustachio
  1422 | D:4      | Killed Eustachio
  1423 | D:4      | Reached skill level 6 in Spellcasting
  1423 | D:4      | Reached XP level 7. HP: 40/40 MP: 11/19
  1460 | D:4      | Reached skill level 5 in Earth Magic
  1483 | D:4      | Reached skill level 7 in Spellcasting
  1570 | D:5      | Found a runed translucent gate.
  1589 | D:5      | Found a runed translucent gate.
  1590 | D:5      | Found a runed translucent gate.
  1697 | D:5      | Identified a ring "Xeshang" {Will+ Str+7 Int+6}
  1718 | D:5      | Found a staircase to the Ecumenical Temple.
  1741 | Temple   | Entered the Ecumenical Temple
  1862 | Temple   | Became a worshipper of Vehumet
  1963 | D:5      | Reached skill level 8 in Spellcasting
  2050 | D:5      | Reached skill level 1 in Conjurations
  2066 | D:6      | Reached XP level 8. HP: 45/45 MP: 12/22
  2092 | D:5      | Noticed porkupine's ghost (novice NaEn)
  2207 | D:6      | Noticed Prince Ribbit
  2214 | D:6      | Killed Prince Ribbit
  2254 | D:5      | Reached skill level 9 in Spellcasting
  2321 | D:7      | Reached skill level 5 in Conjurations
  2382 | D:6      | Noticed Blork the orc
  2388 | D:6      | Killed Blork the orc
  2506 | D:7      | Found a shimmering blue altar of Sif Muna.
  2545 | D:7      | Found a hazy altar of Hepliaklqana.
  2564 | D:7      | Reached skill level 10 in Spellcasting
  2571 | D:7      | Slain by a yak

Illustrated notes

Levels and vault maps discovered:
D:1:      minmay_arrival_stair_chambers, layout_basic, st_stairs_1
D:2:      layout_loops_ring, serial_glass, glass_columns_c, glass_columns_c,
          glass_columns_b, glass_columns_a, glass_columns_a, glass_columns_a,
          glass_columns_a, glass_columns_a, glass_columns_a, glass_columns_b,
          glass_columns_a, glass_columns_b, glass_columns_a, glass_columns_a,
          minmay_strange_pillars, due_unseen_surprise, feat_on_display,
          uniq_natasha, uniq_terence
D:3:      layout_rooms, nicolae_overflow_ecumenical_swirl
D:4:      minmay_opposing_rooms, layout_basic, gammafunk_temple_overflow_arena,
          serial_rivers, chequers_serial_rivers_micro_b,
          chequers_serial_rivers_micro_e, chequers_serial_rivers_small_3,
          chequers_serial_rivers_small_3, chequers_serial_rivers_room_a,
          uniq_eustachio, uniq_pikel, uniq_ijyb
D:5:      layout_rooms, minmay_temple_entry_large_hall, gammafunk_ghost_split
D:6:      layout_cave_pods, uniq_prince_ribbit1, uniq_blork_the_orc
D:7:      layout_basic, mainiacjoe_overflow_alcove_4,
          mainiacjoe_overflow_tiny_flanked, minmay_misc_feat_secret_circle,
          st_stairs_3
Temple:   bh_familiar_temple

Skill      XL: |  1  2  3  4  5  6  7  8 |
---------------+-------------------------+-----
Spellcasting   | 1 2 3 4 5 6 8 10 | 10.2
Fighting       | 2 |  2.3
Earth Magic    | 1 2 3 4 6 |  6.1
Conjurations   | 2 6 |  6.1
Short Blades   | |  2.0
Throwing       | |  2.0
Dodging        | |  1.2
Stealth        | |  4.8

Action                   |  1- 3 |  4- 6 |  7- 9 || total
-------------------------+-------+-------+-------++-------
Melee: Dagger            |    50 |   102 |    97 ||   249
       Mace              |     7 |       |       ||     7
       Punch             |     2 |     2 |     1 ||     5
Throw: Dart              |    11 |    21 |     5 ||    37
 Cast: Sandblast         |    15 |    11 |    10 ||    36
       Passwall          |     2 |     2 |       ||     4
       Stone Arrow       |       |    11 |    41 ||    52
Evoke: Wand              |       |       |     5 ||     5
  Use: Scroll            |       |     5 |     8 ||    13
       Potion            |       |       |     3 ||     3
 Stab: Sleeping          |     5 |     2 |     6 ||    13
Armor: Robe              |     9 |    25 |    16 ||    50
Dodge: Dodged            |    35 |    62 |    73 ||   170

Table legend: (Time is in decaauts)
 A = Elapsed time spent in this place.
 B = Non-inter-level travel time spent in this place.
 C = Inter-level travel time spent in this place.
 D = Time resting spent in this place.
 E = Time spent auto-exploring this place.
 F = Levels seen in this place.
 G = Mean time per level.
                   A        B        C        D        E       F      G
               +--------+--------+--------+--------+--------+-----+--------+
         Total |   2588 |   2568 |     20 |      2 |      0 |   8 |  323.5 |
       Dungeon |   2437 |   2417 |     20 |      2 |      0 |   7 |  348.1 |
        Temple |    150 |    150 |      0 |      0 |      0 |   1 |  150.0 |
               +--------+--------+--------+--------+--------+-----+--------+

Top non-repeatable levels by time:
     D:4: 521 daAuts
     D:3: 441 daAuts
     D:2: 381 daAuts
     D:5: 379 daAuts
     D:1: 288 daAuts
     D:6: 243 daAuts
     D:7: 182 daAuts
  Temple: 150 daAuts
